 Dungeon Crawl Stone Soup version 0.29-a0-919-gd064cfad1c (webtiles) character file.

Game seed: 16056893617600785329

6134 xian the Thaumaturge (level 10, -10/39 (44) HPs)
             Began as a Spriggan Conjurer on July 26, 2022.
             Was an Initiate of Gozag.
             Engulfed by a steam dragon's steam (18 damage)
             ... on level 8 of the Dungeon on July 27, 2022.
             The game lasted 00:44:15 (12314 turns).

xian the Thaumaturge (Spriggan Conjurer)           Turns: 12314, Time: 00:44:16

HP:   -10/39 (44)   AC:  6    Str: 19    XL:     10   Next: 59%
MP:   22/26         EV: 18    Int: 30    God:    Gozag
Gold: 530           SH:  0    Dex: 13    Spells: 7/32 levels left

rFire   x . .      SeeInvis +   p - +7 short sword of Malaise {venom, Int+7}
rCold   + . .      Faith    .   (no shield)
rNeg    . . .      Spirit   .   a - +1 robe
rPois   .          Reflect  .   E - +1 hat of the Poles {Will- Str+8}
rElec   .          Harm     .   D - +1 cloak
rCorr   .          Rampage  .   (gloves unavailable)
Will    .....                   (boots unavailable)
Stlth   ++++......              (no amulet)
HPRegen 0.13/turn               u - +6 ring of strength
MPRegen 0.20/turn               r - ring of ice

@: heavily drained, very quick
A: very small, no large weapons, unfitting armour, see invisible, speed 3
a: Renounce Religion, Potion Petition, Call Merchant, Bribe Branch


You were on level 8 of the Dungeon.
You worshipped Gozag.
Gozag was pleased with you.
You visited 2 branches of the dungeon, and saw 9 of its levels.
You also visited: Sewer.

You collected 1549 gold pieces.
You spent 945 gold pieces at shops.
You paid 74 gold pieces to Gozag.

Inventory:

Hand Weapons
 h - a +6 short sword
 p - the +7 short sword of Malaise (weapon) {venom, Int+7}
   (You found it on level 3 of the Dungeon)

   It poisons the flesh of those it strikes.
   Int:       It affects your intelligence (+7).
Missiles
 f - 26 poisoned darts
 m - 3 atropa-tipped darts
 C - 4 large rocks
Armour
 a - a +1 robe (worn)
 o - an orb of energy
 D - a +1 cloak (worn)
 E - the +1 hat of the Poles (worn) {Will- Str+8}
   (You acquired it on level 1 of the Dungeon)

   Str:       It affects your strength (+8).
   Will:      It decreases your willpower.
Jewellery
 r - a ring of ice (right hand)
 u - a +6 ring of strength (left hand)
 B - the ring "Belurph" {rPois Int+7}
   (You took it off an orc warrior on level 7 of the Dungeon)

   [ring of poison resistance]

   Int:       It affects your intelligence (+7).
   rPois:     It protects you from poison.
Wands
 n - a wand of charming (17)
 F - a wand of flame (10)
 G - a wand of digging (7)
Scrolls
 d - 10 scrolls of teleportation
 l - a scroll of poison
 w - a scroll of amnesia
 x - 2 scrolls of enchant armour
 y - a scroll of butterflies
 z - 2 scrolls of blinking
 A - a scroll of fear
 H - a scroll of identify
Potions
 b - a potion of magic
 c - a potion of resistance {unknown}
 e - 3 potions of heal wounds
 g - 3 potions of might
 i - a potion of brilliance {unknown}
 j - 4 potions of curing
 k - 2 potions of haste {unknown}
 q - a potion of flight {unknown}
 s - 4 potions of lignification
 t - a potion of cancellation {unknown}
 v - 2 potions of mutation {unknown}


   Skills:
 + Level 0.9 Fighting
 * Level 4.5 Short Blades
 + Level 5.1 Dodging
 * Level 9.6 Stealth
 + Level 11.7 Spellcasting
 + Level 8.0 Conjurations
 * Level 3.3 Evocations


You had 7 spell levels left.
You knew the following spells:

 Your Spells              Type           Power      Damage    Failure   Level
a - Magic Dart            Conj           100%       1d8       1%          1
b - Searing Ray           Conj           100%       2d8       1%          2
c - Iskenderun's Mystic   Conj/Tloc      41%        2d9       5%          4
d - Conjure Flame         Conj/Fire      41%        6-21      1%          3
e - Flame Wave            Conj/Fire      41%        2d11      5%          4
f - Call Canine Familiar  Summ           17%        N/A       9%          3
g - Summon Guardian Gole  Hex/Summ       17%        N/A       9%          3
h - Summon Small Mammal   Summ           68%        N/A       3%          1
i - Hailstorm             Conj/Ice       58%        3d13      5%          4

Your spell library contained the following spells:

 Spells                   Type           Power      Damage    Failure   Level
 Foxfire                  Conj/Fire      100%       2x1d9     1%          1
 Shock                    Conj/Air       100%       1d9       1%          1
 Static Discharge         Conj/Air       41%        3-9/arc   1%          2
 Dazzling Flash           Conj/Hex       82%        N/A       1%          3
 Freeze                   Ice            100%       1d11      3%          1
 Necrotise                Necr           68%        1d7       3%          1
 Fulminant Prism          Conj/Hex       20%        3d13      5%          4
 Frozen Ramparts          Ice            52%        1d7       9%          3
 Inner Flame              Hex/Fire       17%        N/A       9%          3
 Swiftness                Air            17%        N/A       9%          3
 Lightning Bolt           Conj/Air       20%        1d35      16%         5
 Airstrike                Air            8%         0-4+      28%         4
 Maxwell's Capacitive Co  Air            8%         ∞         100%        8


Dungeon Overview and Level Annotations

Branches:
Dungeon (8/15)             Temple (1/1) D:4           Sewer (visited)
   Lair: D:8-11

Altars:
Ashenzari
Cheibriados
Dithmenos
Elyvilon
Fedhas
Gozag
Hepliaklqana
Kikubaaqudgha
Makhleb
Nemelex Xobeh
Okawaru
Qazlal
Ru
Sif Muna
Trog
Vehumet
Wu Jian
Yredelemnul
Zin
The Shining One

Shops:
D:1 ?(?=   D:6 *

Annotations:
D:5 2 transporters, flotson's ghost, weakling DsDe
D:8 greenreed's ghost, novice MiFi


Innate Abilities, Weirdness & Mutations

You are very small and have problems with some larger weapons.
You are too small for most types of armour.
You have supernaturally acute eyesight. (SInv)
You cover ground extremely quickly. (Speed+++)


Message History

a +0 dagger; a +0 robe You now have 511 gold pieces (gained 5).
Things that are here:
a +0 mace; a +0 scale mail You now have 519 gold pieces (gained 8).
You see here a +2 whip of flaming.
Found a stone staircase leading down.
You now have 530 gold pieces (gained 11).
g - 3 potions of might (gained 1)
j - 4 potions of curing (gained 1) As you open the door, it creaks loudly!
Found a snail-covered altar of Cheibriados and a blossoming altar of Fedhas.
There is an open door here.
There is an open door here.
You see here a +0 short sword.
You see here a +0 club.
Things that are here:
a +0 dagger; a +0 robe
Found a stone staircase leading up.
A steam dragon comes into view.
Casting: Magic Dart (safe; 1% risk of failure)
Confirm with . or Enter, or press ? or * to list all spells.
Aiming: Searing Ray (safe; 1% risk of failure)
Press: ? - help, Shift-Dir - straight line, f - steam dragon
Aim: a steam dragon (asleep, 100% to hit)
The searing ray hits the steam dragon!
The steam dragon is moderately wounded.
The steam dragon hisses angrily. (Press . to maintain the ray.)
The searing ray hits the steam dragon.
The steam dragon is heavily wounded.
The steam dragon breathes steam at you. The ball of steam hits you!!
The steam scalds you terribly!
Ouch! That really hurt!
* * * LOW HITPOINT WARNING * * *
The searing ray hits the steam dragon!
The steam dragon is severely wounded.
You are engulfed in a cloud of scalding steam.
You die...
Your body crumbles into a pile of gold.

........######
.###..#.######
.........W....
#############...........
#..........##.#...##.#..
#.........<## ###.......
#..........# ######..
#.......§D.# .# ##.
#§@### .# #. #....# #.#
## #.##.###.# #
#.##..##.## #
#.###.....# #####
#.###..#..+ '....
#..###<..># ###..
#####..###...# #....
#..<.....##..# #.##.


You could see a steam dragon (catching breath).

Vanquished Creatures
  An ugly thing (D:7)
  A cyclops (D:7)
  Sigmund (D:4)
  10 yaks (D:8)
  3 black bears
  2 orc warriors (D:7)
  2 ice beasts (D:7)
  A sky beast (D:6)
  2 ogres (D:4)
  2 centaurs
  5 kobold brigands
  3 phantoms
  A gnoll sergeant (D:7)
  3 bullfrogs
  3 necrophages
  3 scorpions
  10 wights (D:6)
  A howler monkey (D:7)
  6 orc priests
  3 hounds
  5 jellies
  2 gnoll boudas
  3 iguanas
  8 orc wizards
  6 gnolls
  2 adders
  A river rat (D:6)
  2 shadow imps (D:6)
  3 white imps
  A worm (D:3)
  23 orcs
  6 endoplasms
  20 giant cockroaches
  8 hobgoblins
  9 jackals
  6 quokkas
  9 ball pythons
  6 bats
  8 frilled lizards
  3 goblins
  27 kobolds
  5 rats
226 creatures vanquished.

Vanquished Creatures (collateral kills)
  2 orcs (D:8)
2 creatures vanquished.

Vanquished Creatures (others)
  8 plants (D:7)
8 creatures vanquished.

Grand Total: 236 creatures vanquished

Notes
Turn   | Place    | Note
-------+----------+-------------------------------------------
     0 | D:1      | xian the Spriggan Conjurer began the quest for the Orb.
     0 | D:1      | Reached XP level 1. HP: 9/9 MP: 5/5
   212 | D:1      | Found Jextomen's Jewellery Boutique.
   284 | D:1      | Found Guteijue's Magic Scroll Shop.
   292 | D:1      | Bought a scroll of identify for 20 gold pieces
   439 | D:1      | Reached XP level 2. HP: 6/13 MP: 0/6
   443 | D:1      | Learned a level 2 spell: Searing Ray
   738 | D:1      | Found Jomyimee's Magic Scroll Shoppe.
   800 | D:1      | Found Kuiqag's Weapon Shoppe.
  1333 | D:2      | Found a faded altar of an unknown god.
  1344 | D:2      | Noticed a floating eye
  1350 | D:2      | Noticed an eye of devastation
  1356 | D:2      | Noticed a great orb of eyes
  1838 | D:2      | Noticed a floating eye
  2374 | D:3      | Reached XP level 3. HP: 16/16 MP: 5/8
  2563 | D:3      | Noticed a black bear
  2622 | D:3      | Killed a black bear
  2623 | D:3      | Reached skill level 3 in Spellcasting
  2623 | D:3      | Reached XP level 4. HP: 21/21 MP: 1/10
  2743 | D:3      | Reached XP level 5. HP: 17/24 MP: 2/11
  2744 | D:3      | Reached skill level 4 in Spellcasting
  2943 | D:3      | Learned a level 4 spell: Iskenderun's Mystic Blast
  3342 | D:3      | Identified the +7 short sword of Malaise {venom, Int+7}
  3436 | D:4      | Noticed an ogre
  3445 | D:4      | Killed an ogre
  3446 | D:4      | Reached XP level 6. HP: 28/28 MP: 7/14
  3632 | D:4      | Reached skill level 5 in Spellcasting
  4012 | D:4      | Reached skill level 5 in Conjurations
  4180 | D:4      | Reached XP level 7. HP: 32/32 MP: 2/16
  4198 | D:4      | Found a staircase to the Ecumenical Temple.
  4210 | Temple   | Entered the Ecumenical Temple
  4217 | Temple   | Became a worshipper of Gozag Ym Sagoz the Greedy
  4307 | D:4      | Learned a level 3 spell: Conjure Flame
  4397 | D:4      | Noticed Sigmund
  4441 | D:4      | Killed Sigmund
  4442 | D:4      | Reached skill level 6 in Spellcasting
  4755 | D:5      | Entered Level 5 of the Dungeon
  4771 | D:5      | Found a transporter.
  4935 | D:5      | Reached skill level 7 in Spellcasting
  5144 | D:5      | Reached XP level 8. HP: 36/36 MP: 9/19
  5275 | D:5      | Noticed flotson's ghost (weakling DsDe)
  5278 | D:5      | Found a transporter.
  5728 | D:1      | Bought a scroll of identify for 20 gold pieces
  5728 | D:1      | Bought a scroll of identify for 20 gold pieces
  5728 | D:1      | Bought a scroll of identify for 20 gold pieces
  5796 | D:1      | Bought a scroll of butterflies for 44 gold pieces
  5796 | D:1      | Bought a scroll of blinking for 82 gold pieces
  5796 | D:1      | Bought a scroll of fear for 44 gold pieces
  5979 | D:6      | Reached skill level 5 in Stealth
  5979 | D:6      | Reached skill level 8 in Spellcasting
  6232 | D:6      | Reached skill level 9 in Spellcasting
  6281 | D:6      | Found Xolustrai's General Store.
  6397 | D:6      | Found a glowing drain.
  6401 | Sewer    | Entered a sewer
  6833 | Sewer    | Reached XP level 9. HP: 39/39 MP: 20/23
  7392 | D:6      | Reached skill level 1 in Short Blades
  7809 | D:6      | Bought a scroll of identify for 30 gold pieces
  7962 | D:6      | Found an ancient bone altar of Kikubaaqudgha.
  7966 | D:6      | Found a shimmering blue altar of Sif Muna.
  7968 | D:6      | Found a radiant altar of Vehumet.
  7971 | D:6      | Got Kikubaaqudgha's Encyclopedia of Necromancy
  7977 | D:6      | Learned a level 4 spell: Flame Wave
  8655 | D:7      | Reached skill level 10 in Spellcasting
  9238 | D:7      | Identified the ring "Belurph" {rPois Int+7}
  9390 | D:7      | Noticed a cyan ugly thing
  9391 | D:7      | Noticed a cyclops
  9638 | D:7      | Killed a cyclops
  9739 | D:7      | Killed a cyan ugly thing
  9740 | D:7      | Reached skill level 11 in Spellcasting
  9740 | D:7      | Reached XP level 10. HP: 39/44 MP: 8/26
  9984 | D:1      | Bought a scroll of acquirement for 572 gold pieces
  9985 | D:1      | Acquired the +1 hat of the Poles {Will- Str+8}
 10011 | D:1      | Bought a scroll of teleportation for 33 gold pieces
 10078 | D:1      | Bought a scroll of teleportation for 30 gold pieces
 10078 | D:1      | Bought a scroll of teleportation for 30 gold pieces
 10720 | D:8      | Reached skill level 1 in Evocations
 10878 | D:8      | Learned a level 3 spell: Call Canine Familiar
 10886 | D:7      | Learned a level 3 spell: Summon Guardian Golem
 10888 | D:7      | Learned a level 1 spell: Summon Small Mammal
 10893 | D:7      | Learned a level 4 spell: Hailstorm
 11257 | D:8      | Reached skill level 5 in Dodging
 11708 | D:8      | Found a runed translucent gate.
 11708 | D:8      | Found a runed translucent gate.
 11732 | D:8      | Found a runed translucent gate.
 11734 | D:8      | Noticed greenreed's ghost (novice MiFi)
 12259 | D:8      | Found a snail-covered altar of Cheibriados.
 12259 | D:8      | Found a blossoming altar of Fedhas.
 12314 | D:8      | Engulfed by a steam dragon's steam

Illustrated notes

Levels and vault maps discovered:
D:1:      dpeg_arrival_houses_and_road, layout_basic, serial_shops, shop,
          nicolae_shop_bloodbath_and_beyond, shop_scrolls,
          nicolae_shop_hallway_plus, chequers_serial_rivers_micro_c
D:2:      layout_basic, hellmonk_ecumenical_altar_watching_god
D:3:      layout_loops_ring, kennysheep_generic_room_16
D:4:      layout_rooms, minmay_temple_entry_sparse_star, uniq_sigmund
D:5:      layout_cave_pools, gammafunk_ghost_mausoleum
D:6:      layout_loops_ring, grunt_temple_overflow_magic_moments, serial_shops,
          nicolae_shop_advertising_works [nicolae_subvault_shop_adworks],
          gup_sewer_entry_bowl, minmay_between
D:7:      nzn_winding_woodlands_three_and_one
          [nzn_winding_woodlands_5x15_jagged,
          nzn_winding_woodlands_5x15_crooked, nzn_winding_woodlands_5x15_garden,
          nzn_winding_woodlands_center_triple_pond], layout_rooms,
          hangedman_decor_slide_cut
D:8:      layout_rooms, led_xom_imps, gammafunk_temple_overflow_elements,
          nicolae_uskayaw_suspiria, ebering_ghost_rock_garden
Temple:   minmay_freezing_vapour_temple

Skill      XL: |  1  2  3  4  5  6  7  8  9 10 |
---------------+-------------------------------+-----
Conjurations   | 3 4 5 6 7 8 |  8.0
Dodging        | 3 4 5 |  5.1
Spellcasting   | 3 4 5 7 9 11 | 11.7
Stealth        | 4 5 8 9 |  9.6
Short Blades   | 3 4 |  4.5
Evocations     | 3 |  3.3
Fighting       | |  0.9

Action                   |  1- 3 |  4- 6 |  7- 9 | 10-12 || total
-------------------------+-------+-------+-------+-------++-------
Melee: Short sword       |       |     7 |    25 |     7 ||    39
 Cast: Magic Dart        |    67 |    69 |   202 |    51 ||   389
       Searing Ray       |     2 |     9 |    55 |    38 ||   104
       Flame Wave        |       |       |     2 |       ||     2
       Summon Small Mamm |       |       |       |     5 ||     5
       Conjure Flame     |       |       |       |     3 ||     3
       Call Canine Famil |       |       |       |     3 ||     3
       Summon Guardian G |       |       |       |     3 ||     3
  Use: Scroll            |    10 |       |     4 |     1 ||    15
       Potion            |       |       |       |     1 ||     1
Armor: Robe              |     1 |     3 |     8 |     3 ||    15
Dodge: Dodged            |     9 |    19 |    70 |    27 ||   125

Table legend: (Time is in decaauts)
 A = Elapsed time spent in this place.
 B = Non-inter-level travel time spent in this place.
 C = Inter-level travel time spent in this place.
 D = Time resting spent in this place.
 E = Time spent auto-exploring this place.
 F = Levels seen in this place.
 G = Mean time per level.
                   A        B        C        D        E       F      G
               +--------+--------+--------+--------+--------+-----+--------+
         Total |   9913 |   9301 |    612 |   1023 |   6307 |  10 |  991.3 |
       Dungeon |   8984 |   8372 |    612 |   1023 |   5493 |   8 | 1123.0 |
        Temple |     11 |     11 |      0 |      0 |      0 |   1 |   11.0 |
         Sewer |    917 |    917 |      0 |      0 |    814 |   1 |  917.0 |
               +--------+--------+--------+--------+--------+-----+--------+

Top non-repeatable levels by time:
     D:7: 1728 daAuts
     D:8: 1332 daAuts
     D:4: 1188 daAuts
     D:6: 1157 daAuts
     D:1: 1020 daAuts
     D:3: 989 daAuts
   Sewer: 917 daAuts
     D:2: 876 daAuts
     D:5: 691 daAuts
  Temple: 11 daAuts
